AoeStats
← ayy_lmao

Arena

510342974Analyzed
1v1 RM · 2d ago on Sep 30, 2026· 35m 31s· 2 players
Game mode
Random Map
Map size
Tiny (2 player)
Population
200
Speed
Normal
Resources
Standard
Victory
Conquest
Starting age
Dark Age
Ending age
Imperial Age
RankedLock teamsTeams togetherTeam positionsShared explorationLock speedFull tech treeHidden civsTurbo modeCheats
Victory
Defeat
🇨🇳 Mongols · China
793
+17
🇧🇪 Persians · Belgium
808
-17
wyztkvn1
10:39 Feudal Age
15:34 Castle Age
13:29 Horse Collar
13:44 Double-Bit Axe
16:10 Bloodlines
25:39 Heavy Plow
25:55 Bow Saw
30:31 Imperial Age
28:38 Wheelbarrow
27:49 Town Watch
27:49 Loom
29:08 Gold Mining
29:09 Stone Mining
29:25 Fletching
29:36 Padded Archer Armor
29:12 Crossbowman
31:16 Gold Shaft Mining
31:16 Stone Shaft Mining
30:38 Arbalester
31:23 Thumb Ring
32:30 Husbandry
33:02 Hand Cart
32:47 Town Patrol
32:48 Light Cavalry
ayy_lmao
10:35 Feudal Age
16:28 Castle Age
15:56 Double-Bit Axe
17:49 Horse Collar
23:02 Bow Saw
24:18 Wheelbarrow
24:57 Loom
29:26 Imperial Age
26:52 Town Watch
27:44 Pikeman
28:45 Hand Cart
29:36 Halberdier
31:15 Scale Mail Armor
31:06 Fletching
30:42 Elite Skirmisher
31:33 Thumb Ring
32:15 Padded Archer Armor
33:25 Ballistics
33:56 Conscription
33:36 Bodkin Arrow
33:57 Leather Archer Armor
33:59 Chain Mail Armor
34:00 Forging
34:26 Bloodlines
33:37 Light Cavalry
34:33 Heavy Plow
Connection lost

Rejoining the realm…

Still unreachable

The connection could not be restored.

Session expired

The server has moved on; the page needs a fresh start.